 Dungeon Crawl Stone Soup version 0.30.0-29-ga12c61a403 (webtiles) character file.

Game seed: 17331974271986155562

327 qw the Chopper (level 6, -4/38 HPs)
             Began as a Gargoyle Fighter on June 5, 2023.
             Slain by a phantom (6 damage)
             ... on level 4 of the Dungeon.
             The game lasted 00:01:31 (3066 turns).

qw the Chopper (Gargoyle Fighter)                   Turns: 3066, Time: 00:01:31

Health: -4/38      AC: 13    Str: 21    XL:     6   Next: 50%
Magic:  6/6        EV:  7    Int:  9    God:
Gold:   78         SH:  4    Dex:  9    Spells: 5/5 levels left

rFire   . . .        Y - +1 war axe
rCold   + . .        c - +0 buckler
rNeg    + . .        l - +0 chain mail
rPois   inf          (no helmet)
rElec   +            (no cloak)
rCorr   .            (no gloves)
SInv    .            (no boots)
Will    .....        (no amulet) Stlth
                     a - ring of protection from cold
HPRegen 0.26/turn    (no ring)
MPRegen 0.10/turn

%: no passive effects
@: no status effects
A: sickness immunity, AC +4, negative energy resistance 1, electricity
resistance, torment resistance 1, petrification resistance
a: no special abilities


You were on level 4 of the Dungeon.
You visited 1 branch of the dungeon, and saw 4 of its levels.

You collected 102 gold pieces.
You spent 24 gold pieces at shops.


Innate Abilities, Weirdness & Mutations

You are immune to sickness and miasma.
Your stone body is resilient. (AC +4)
You are immune to poison.
You resist negative energy. (rN+)
You are resistant to electric shocks. (rElec)
You are resistant to unholy torment.
You are immune to petrification.


   Skills:
 - Level 4.1 Fighting
 + Level 5.5 Axes
 - Level 1.0 Throwing
 - Level 3.2 Armour
 - Level 3.2 Shields


You had 5 spell levels left.
You didn't know any spells.
Your spell library was empty.

Inventory:

Hand Weapons
 f - a +0 flail
 Y - a +1 war axe (weapon)
Armour
 c - a +0 buckler (worn)
 l - a +0 chain mail (worn)
Jewellery
 a - a ring of protection from cold (left hand)
Scrolls
 g - a scroll of identify
Potions
 d - 4 potions of might
 i - a potion of haste
 j - a potion of lignification
 m - a potion of curing
 o - a potion of magic

Dungeon Overview and Level Annotations

Branches:
Dungeon (4/15)
 Temple: D:4-7

Altars:

Shops:
D:2 [*?(   D:3 (

Annotations:
D:3 2 runed translucent doors, qw's ghost, amateur GrFi


Message History

You kill the orc warrior!
You start resting.
Your surroundings suddenly seem different.
A phantom comes into view.
Found a stone staircase leading up.
You closely miss the phantom. The phantom barely misses you.
You closely miss the phantom. The phantom closely misses you.
You closely miss the phantom. The phantom barely misses you.
You hit the phantom.
The phantom is lightly damaged.
The phantom hits you but does no damage. x2
You closely miss the phantom.
The phantom is lightly damaged.
The phantom hits you but does no damage.
You barely miss the phantom.
The phantom is lightly damaged.
You block the phantom's attack.
You closely miss the phantom.
The phantom is lightly damaged.
The phantom hits you but does no damage.
You closely miss the phantom.
The phantom is lightly damaged.
The phantom hits you.
The phantom blinks!
You blink.
The phantom closely misses you.
You closely miss the phantom.
The phantom is lightly damaged.
You block the phantom's attack.
You barely miss the phantom.
The phantom is lightly damaged.
The phantom closely misses you.
You hit the phantom.
The phantom is lightly damaged.
The phantom hits you.
You barely miss the phantom.
The phantom is lightly damaged.
The phantom hits you.
You die...

# ####
########.#
...##........#
#...........#
#...........#
#.........#
#..@......#
#.W.......#
##........#
#........#
###........#
#........#
#........#
#.....<..#
##.......#


You could see a phantom.

Vanquished Creatures
  An orc warrior (D:4)
  An orc priest (D:4)
  An iguana (D:3)
  A sleepcap (D:2)
  Ijyb (D:3)
  3 adders
  3 gnolls (D:2)
  3 dart slugs
  6 orcs
  7 bats
  5 endoplasms
  4 giant cockroaches
  5 hobgoblins
  3 quokkas
  2 ball pythons
  2 frilled lizards
  3 goblins
  7 kobolds
  6 rats
64 creatures vanquished.

Notes
Turn   | Place    | Note
-------+----------+-------------------------------------------
     0 | D:1      | qw the Gargoyle Fighter began the quest for the Orb.
     0 | D:1      | Reached XP level 1. HP: 14/14 MP: 1/1
     0 | D:1      | 0 ||| qw: Version: 0.2-a-108-gee2c290
     0 | D:1      | 0 ||| qw: Game counter: 1411
     0 | D:1      | 0 ||| qw: Always use a shield: true
     0 | D:1      | 0 ||| qw: God list: Okawaru
     0 | D:1      | 0 ||| qw: Allow faded altars: false
     0 | D:1      | 0 ||| qw: Do Orc after D:15 true
     0 | D:1      | 0 ||| qw: Do second Lair branch before Depths: true
     0 | D:1      | 0 ||| qw: Lair rune preference: random
     0 | D:1      | 0 ||| qw: Plans: Normal, Zot:1-4, Slime:5, God:TSO, Crypt,
                  | Tomb, Abyss, Pan, Hells, Win
     0 | D:1      | 0 ||| PLANNING D:1-11
   160 | D:1      | Reached skill level 2 in Axes
   308 | D:1      | Reached XP level 2. HP: 15/19 MP: 2/2
   642 | D:1      | 642 ||| Stepping ~*~*~tactically~*~*~ (hiding).
   825 | D:1      | 825 ||| READING scroll labelled ANEJAI MAMIREQ.
   926 | D:1      | 926 ||| READING scroll labelled ISITOX VUOLU.
   927 | D:1      | 927 ||| READING 2 scrolls labelled KANYAVE SOVUV.
   928 | D:1      | 928 ||| READING scroll labelled RIACZI AHINUMU.
   929 | D:1      | 929 ||| READING scroll labelled OGUIK VEUXOI.
   999 | D:2      | 999 ||| Stepping ~*~*~tactically~*~*~ (hiding).
  1000 | D:2      | 1000 ||| Stepping ~*~*~tactically~*~*~ (hiding).
  1004 | D:2      | 1004 ||| Stepping ~*~*~tactically~*~*~ (hiding).
  1005 | D:2      | 1005 ||| Stepping ~*~*~tactically~*~*~ (hiding).
  1012 | D:2      | Reached skill level 3 in Axes
  1017 | D:2      | 1017 ||| FLEEEEING.
  1018 | D:2      | 1018 ||| FLEEEEING.
  1024 | D:2      | 1024 ||| STAIRDANCE
  1034 | D:1      | 1034 ||| DRINKING 2 lumpy puce potions.
  1049 | D:2      | Reached XP level 3. HP: 23/23 MP: 3/3
  1052 | D:2      | Found Odghab's General Store.
  1113 | D:2      | Found Xotorim's Magic Scroll Shop.
  1123 | D:2      | 1123 ||| SHOPLISTING scroll of brand weapon (114 gold, have
                  | 44).
  1123 | D:2      | 1123 ||| BUYING scroll of identify (24 gold).
  1123 | D:2      | Bought a scroll of identify for 24 gold pieces
  1123 | D:2      | 1123 ||| SHOPLISTING scroll of identify (24 gold, have 20).
  1123 | D:2      | 1123 ||| SHOPLISTING scroll of teleportation (36 gold, have
                  | 20).
  1127 | D:2      | 1127 ||| DRINKING 2 murky yellow potions.
  1141 | D:2      | 1141 ||| READING 3 scrolls of identify.
  1141 | D:2      | 1141 ||| IDENTIFYING fuming clear potion
  1142 | D:2      | 1142 ||| READING 2 scrolls of identify.
  1142 | D:2      | 1142 ||| IDENTIFYING grey potion
  1143 | D:2      | 1143 ||| DROPPING potion of degeneration.
  1165 | D:2      | Found Uwuggugh's Antique Weapon Boutique.
  1176 | D:2      | 1176 ||| SHOPLISTING runed war axe (156 gold, have 20).
  1264 | D:2      | Reached XP level 4. HP: 11/28 MP: 4/4
  1335 | D:2      | 1335 ||| DROPPING +0 whip.
  1388 | D:2      | Found a faded altar of an unknown god.
  1391 | D:2      | 1391 ||| Stepping ~*~*~tactically~*~*~ (hiding).
  1397 | D:2      | Reached skill level 1 in Throwing
  1519 | D:2      | Found Hoklielub's Armour Shop.
  1529 | D:2      | 1529 ||| SHOPLISTING +0 chain mail (45 gold, have 30).
  1529 | D:2      | 1529 ||| SHOPLISTING +1 plate armour "Tyfin" {rC+ rCorr
                  | Str-4} (392 gold, have 30).
  1529 | D:2      | 1529 ||| SHOPLISTING +2 leather armour of fire resistance
                  | (190 gold, have 30).
  1529 | D:2      | 1529 ||| SHOPLISTING scarf "Earthly Heaven" {rC+ rF+,
                  | Rampage Int+2} (412 gold, have 30).
  1548 | D:2      | 1548 ||| Stepping ~*~*~tactically~*~*~ (stealth).
  1573 | D:2      | 1573 ||| SHOPLISTING potion of attraction (39 gold, have
                  | 30).
  1573 | D:2      | 1573 ||| SHOPLISTING scroll of brand weapon (123 gold, have
                  | 30).
  1590 | D:2      | Reached skill level 4 in Axes
  1595 | D:2      | 1595 ||| Stepping ~*~*~tactically~*~*~ (stealth).
  1601 | D:2      | 1601 ||| Stepping ~*~*~tactically~*~*~ (stealth).
  1602 | D:2      | 1602 ||| Stepping ~*~*~tactically~*~*~ (stealth).
  1607 | D:2      | 1607 ||| Stepping ~*~*~tactically~*~*~ (stealth).
  1920 | D:2      | 1920 ||| READING scroll labelled CORIEQ HAHA.
  1924 | D:2      | 1924 ||| READING scroll labelled HOTRINO FOGINWE.
  1925 | D:2      | 1925 ||| DRINKING 2 blue potions.
  1926 | D:2      | 1926 ||| READING 2 scrolls of identify.
  1926 | D:2      | 1926 ||| IDENTIFYING dark potion
  1927 | D:2      | 1927 ||| DROPPING potion of ambrosia.
  1985 | D:3      | HP: 6/28 [iguana (5)]
  1986 | D:3      | 1986 ||| DRINKING potion of heal wounds.
  1990 | D:3      | Reached XP level 5. HP: 32/32 MP: 5/5
  2025 | D:3      | 2025 ||| Stepping ~*~*~tactically~*~*~ (stealth).
  2059 | D:3      | Identified the +2 leather armour "Adum" {rF- Int+3 Dex+4}
  2261 | D:3      | Found a runed translucent door.
  2262 | D:3      | Noticed qw's ghost (amateur GrFi)
  2347 | D:3      | Found a runed translucent door.
  2441 | D:3      | Found Kyxaodi's Antique Weapon Boutique.
  2568 | D:3      | Noticed Ijyb
  2569 | D:3      | 2569 ||| Stepping ~*~*~tactically~*~*~ (hiding).
  2575 | D:3      | Paralysed by Ijyb for 4 turns
  2579 | D:3      | Killed Ijyb
  2635 | D:3      | 2635 ||| Stepping ~*~*~tactically~*~*~ (hiding).
  2641 | D:3      | Reached skill level 5 in Axes
  2802 | D:3      | 2802 ||| DROPPING +2 leather armour "Adum" {rF- Int+3
                  | Dex+4}.
  2803 | D:3      | 2803 ||| UPGRADING to +0 chain mail.
  2813 | D:3      | 2813 ||| DROPPING +0 scale mail.
  2814 | D:3      | 2814 ||| UPGRADING to ring of protection from cold.
  2815 | D:3      | 2815 ||| READING scroll labelled UFUROULEIS.
  2816 | D:3      | 2816 ||| READING scroll labelled KESKAU MAULLYCW.
  2817 | D:3      | 2817 ||| READING 2 scrolls of identify.
  2817 | D:3      | 2817 ||| IDENTIFYING fuming amethyst potion
  2873 | D:4      | 2873 ||| STAIRDANCE
  2932 | D:4      | 2932 ||| Stepping ~*~*~tactically~*~*~ (stealth).
  3025 | D:4      | Noticed an orc warrior
  3039 | D:4      | Reached XP level 6. HP: 19/38 MP: 6/6
  3049 | D:4      | HP: 7/38 [orc warrior/+0 short sword (6)]
  3050 | D:4      | 3050 ||| READING scroll of teleportation.
  3051 | D:4      | Killed an orc warrior
  3062 | D:4      | HP: 7/38 [phantom (2)]
  3065 | D:4      | HP: 2/38 [phantom (6)]
  3066 | D:4      | Slain by a phantom

Levels and vault maps discovered:
D:1:      kennysheep_arrival_forest, layout_basic
D:2:      layout_basic, shapermc_ecumenical_altar_mp_highgroup, serial_shops,
          nicolae_square_shop, nicolae_shop_statue_plus, shop,
          nicolae_shop_tiny_waterfront
D:3:      layout_loops_ring, serial_shops, shop, ebering_ghost_sewer_f,
          uniq_ijyb
D:4:      layout_rooms, pdpol_wu_jian_five_deadly_venoms,
          serial_co_window_serial, co_window_paths_b, co_window_corner_a,
          co_window_cross_1, co_window_paths_a, co_window_corner_a,
          co_window_cross_1, co_window_paths_a, co_window_2corner,
          co_window_of_opportunity_b, co_window_corner_cb, co_window_corner_ca,
          co_window_4corner_a, glass_columns_a

Skill      XL: |  1  2  3  4  5 |
---------------+----------------+-----
Axes           | 2 3 4 5 |  5.5
Throwing       | 1 |  1.0
Fighting       | 4 |  4.1
Armour         | |  3.2
Shields        | |  3.2

Action                     |  1- 3 |  4- 6 || total
---------------------------+-------+-------++-------
  Melee: War axe           |    68 |   112 ||   180
  Throw: Javelin           |    12 |    13 ||    25
    Use: Scroll            |     7 |     7 ||    14
         Potion            |     2 |     2 ||     4
 Armour: Scale mail        |    34 |    33 ||    67
         Chain mail        |       |    25 ||    25
  Dodge: Dodged            |    26 |    35 ||    61
  Block: Buckler           |    15 |    21 ||    36

Table legend:
 A = Non-vault XP
 B = Vault XP
 C = Vault XP percentage of total XP
 D = Non-vault monster count
 E = Vault monster count
 F = Vault count percentage of total count
                 A         B        C        D         E       F
            +---------+---------+-------+---------+---------+-------
      Total |     432 |      36 |   7.7 |      63 |       1 |   1.6
            +---------+---------+-------+---------+---------+-------
        D:1 |      23 |       0 |   0.0 |      15 |       0 |   0.0
        D:2 |     112 |       0 |   0.0 |      22 |       0 |   0.0
        D:3 |      95 |      36 |  27.5 |      19 |       1 |   5.0
        D:4 |     202 |       0 |   0.0 |       7 |       0 |   0.0
            +---------+---------+-------+---------+---------+-------
